 Dungeon Crawl Stone Soup version 0.30-a0-622-gddc90eaa04 (webtiles) character file.

Game seed: 14602344963642449969

83 OTABOTABOTAB the Shooter (level 4, 27/27 HPs)
             Began as a Kobold Hexslinger on Jan 11, 2023.
             Quit the game on level 2 of the Dungeon.
             The game lasted 00:03:30 (1825 turns).

OTABOTABOTAB the Shooter (Kobold Hexslinger)        Turns: 1825, Time: 00:03:31

Health: 27/27      AC:  2    Str:  7    XL:     4   Next: 71%
Magic:  5/5        EV: 16    Int: 14    God:
Gold:   75         SH:  0    Dex: 17    Spells: 4/5 levels left

rFire   . . .      SeeInvis .    a - +1 sling
rCold   . . .      Faith    .    (no shield)
rNeg    . . .      Spirit   .    c - +0 robe
rPois   .          Reflect  .    (no helmet)
rElec   .          Harm     .    (no cloak)
rCorr   .          Rampage  .    (no gloves)
Will    .....                    (no boots)
Stlth   +++                      (no amulet)
HPRegen 0.24/turn                k - ring of flight {+Fly, !d}
MPRegen 0.09/turn                (no ring)

@: flying
A: small, no large weapons, nightstalker 3
a: no special abilities


You were on level 2 of the Dungeon.
You visited 1 branch of the dungeon, and saw 2 of its levels.

You collected 75 gold pieces.

Inventory:

Hand Weapons
 a - a +1 sling (weapon)
 b - a +2 dagger of draining
   (You took it off a kobold on level 2 of the Dungeon)
Missiles
 i - 5 poisoned darts
 s - 13 stones
Armour
 c - a +0 robe (worn)
Magical Staves
 n - a staff of conjuration
   (You found it on level 2 of the Dungeon)
Jewellery
 k - a ring of flight (left hand) {+Fly, !d}
   (You found it on level 2 of the Dungeon)
Scrolls
 e - a scroll of blinking {unknown}
 f - a scroll of amnesia {unknown}
 g - a scroll of magic mapping {unknown}
 h - 3 scrolls of identify {unknown}
 j - a scroll of poison {!r}
 l - a scroll of torment {unknown}
Potions
 d - a potion of mutation {unknown}
 m - a potion of attraction {unknown}


   Skills:
 + Level 2.6 Fighting
 + Level 4.1 Ranged Weapons
 + Level 3.7 Dodging
 - Level 1.1 Spellcasting
 - Level 3.0 Hexes


You had 4 spell levels left.
You knew the following spells:

 Your Spells              Type           Power      Damage    Failure   Level
s - Slow                  Hex            36%        N/A       8%          1

Your spell library contained the following spells:

 Spells                   Type           Power      Damage    Failure   Level
 Summon Small Mammal      Summ           0%         N/A       26%         1
 Inner Flame              Hex/Fire       4%         N/A       38%         3
 Portal Projectile        Hex/Tloc       8%         N/A       38%         3
 Summon Guardian Golem    Hex/Summ       4%         N/A       38%         3
 Cause Fear               Hex            4%         N/A       58%         4
 Call Canine Familiar     Summ           0%         N/A       61%         3


Dungeon Overview and Level Annotations

Branches:
Dungeon (2/15)

Altars:
Ru


Innate Abilities, Weirdness & Mutations

You are small and have problems with some larger weapons.
You are completely attuned to the shadows.


Message History

You shoot a sling bullet.
The sling bullet hits the giant cockroach.
The giant cockroach barely misses you.
The giant cockroach bites you but does no damage.
You shoot a sling bullet.
The sling bullet hits the giant cockroach!
You kill the giant cockroach!
No target in view!
No target in view!
Things that are here:
a giant cockroach corpse; a giant cockroach corpse You see here a rat corpse. 2 giant cockroaches come into view.
Health restored: 27 You shoot a sling bullet.
The sling bullet hits the giant cockroach!
You kill the giant cockroach!
A giant cockroach comes into view. x2
You shoot a sling bullet.
The sling bullet barely misses the giant cockroach.
A giant cockroach comes into view. x2
You shoot a sling bullet.
The sling bullet hits the giant cockroach!
You kill the giant cockroach!
You shoot a sling bullet.
The sling bullet hits the giant cockroach.
The giant cockroach bites you. The giant cockroach misses you.
The giant cockroach completely misses you.
You take 2 damage, and have 25/27 hp.
You shoot a sling bullet.
The sling bullet barely misses the giant cockroach.
The sling bullet hits the giant cockroach but does no damage.
The giant cockroach bites you but does no damage.
The giant cockroach bites you.
You take 2 damage, and have 23/27 hp.
You shoot a sling bullet.
The sling bullet hits the giant cockroach.
You kill the giant cockroach!
The giant cockroach closely misses you. x2; The giant cockroach misses you.
You shoot a sling bullet.
The sling bullet hits the giant cockroach.
The giant cockroach bites you but does no damage.
The giant cockroach bites you.
You take 1 damage, and have 23/27 hp.
You shoot a sling bullet.
The sling bullet closely misses the giant cockroach.
The sling bullet barely misses the giant cockroach.
The giant cockroach closely misses you.
You shoot a sling bullet.
The sling bullet barely misses the giant cockroach.
The sling bullet closely misses the giant cockroach.
The giant cockroach bites you.
The giant cockroach bites you but does no damage.
You take 1 damage, and have 22/27 hp.
You shoot a sling bullet.
The sling bullet hits the giant cockroach.
The giant cockroach misses you.
You shoot a sling bullet.
The sling bullet hits the giant cockroach.
The giant cockroach misses you.
The giant cockroach bites you but does no damage.
You shoot a sling bullet.
The sling bullet hits the giant cockroach.
You kill the giant cockroach!
You shoot a sling bullet.
The sling bullet hits the giant cockroach.
The giant cockroach barely misses you. x2
You shoot a sling bullet.
The sling bullet hits the giant cockroach.
You kill the giant cockroach!
Unknown command.
You shoot a sling bullet.
The sling bullet hits the giant cockroach.
The giant cockroach misses you. The giant cockroach closely misses you.
You shoot a sling bullet.
The sling bullet closely misses the giant cockroach.
The giant cockroach completely misses you.
You shoot a sling bullet.
The sling bullet closely misses the giant cockroach.
The giant cockroach bites you.
You shoot a sling bullet.
The sling bullet hits the giant cockroach.
You kill the giant cockroach!
No target in view!
No target in view!
No target in view!
No target in view!
Things that are here:
a giant cockroach corpse; a giant cockroach corpse You see here a giant cockroach corpse.
n - a staff of conjuration Health restored: 27 You now have 75 gold pieces (gained 13).
You see here a +0 dagger.
Found a sacrificial altar of Ru.
Search for what [? for help]? altar Unknown command.
Saving game... please wait.
Bad channel name for runrest: 'Jiyva says: Divide and consume' Welcome back, OTABOTABOTAB the Kobold Hexslinger.

##.###### #).....#
#.# #.###.## ##.##
#.# #.# #...# #.# #.#
#...#########.###..
#.........#.......#
#...#####.#.#.###.#
........#.#.#.###.##.
..........#.#...@....
........#.#.##..#.#..
#...#####.#.##.##...
#.........#..... ....
#...#####.# ###...._.
#...# #.# ##.## #.#
...# #.. ##.#


There were no monsters in sight!

Vanquished Creatures
  2 adders (D:2)
  5 endoplasms
  11 giant cockroaches
  2 goblins (D:2)
  3 hobgoblins
  6 jackals (D:1)
  5 kobolds
  3 quokkas
  6 ball pythons
  4 bats (D:1)
  4 frilled lizards
  4 rats
55 creatures vanquished.

Notes
Turn   | Place    | Note
-------+----------+-------------------------------------------
     0 | D:1      | OTABOTABOTAB the Kobold Hexslinger began the quest for the
                  | Orb.
     0 | D:1      | Reached XP level 1. HP: 12/12 MP: 2/2
   219 | D:1      | Reached skill level 3 in Ranged Weapons
   235 | D:1      | Reached XP level 2. HP: 16/16 MP: 3/3
   429 | D:1      | Reached skill level 3 in Dodging
   439 | D:1      | Reached XP level 3. HP: 11/21 MP: 4/4
   513 | D:1      | Reached skill level 2 in Fighting
  1181 | D:2      | Reached XP level 4. HP: 21/27 MP: 5/5
  1595 | D:2      | Reached skill level 4 in Ranged Weapons
  1824 | D:2      | Found a sacrificial altar of Ru.
  1825 | D:2      | Quit the game

Illustrated notes

Levels and vault maps discovered:
D:1:      saegor_arrival_simple_b, layout_loops_cross, grunt_decor_cap
D:2:      minmay_roachtagon, layout_loops_cross, basic_altar,
          shapermc_ecumenical_altar_acropolis, kennysheep_generic_room_15

Skill      XL: |  1  2  3  4 |
---------------+-------------+-----
Ranged Weapons | 3 4 |  4.1
Dodging        | 3 |  3.7
Fighting       | 2 |  2.6
Spellcasting   | |  1.1
Hexes          | |  3.0

Action                   |  1- 3 |  4- 6 || total
-------------------------+-------+-------++-------
Melee: Dagger            |       |     5 ||     5
 Fire: Sling             |   100 |    57 ||   157
Armor: Robe              |    10 |     9 ||    19
Dodge: Dodged            |    60 |    36 ||    96

Table legend: (Time is in decaauts)
 A = Elapsed time spent in this place.
 B = Non-inter-level travel time spent in this place.
 C = Inter-level travel time spent in this place.
 D = Time resting spent in this place.
 E = Time spent auto-exploring this place.
 F = Levels seen in this place.
 G = Mean time per level.
                   A        B        C        D        E       F      G
               +--------+--------+--------+--------+--------+-----+--------+
         Total |   1858 |   1827 |     31 |    310 |   1263 |   2 |  929.0 |
       Dungeon |   1858 |   1827 |     31 |    310 |   1263 |   2 |  929.0 |
               +--------+--------+--------+--------+--------+-----+--------+

Top non-repeatable levels by time:
     D:1: 1035 daAuts
     D:2: 823 daAuts

Table legend:
 A = Kills in this place as a percentage of kills in entire the game.
 B = Kills by you in this place as a percentage of kills by you in the entire game.
 C = Kills by friends in this place as a percentage of kills by friends in the entire game.
 D = Other kills in this place as a percentage of other kills in the entire game.
 E = Experience gained in this place as a percentage of experience gained in the entire game.
 F = Experience gained in this place divided by the number of levels of this place that you have seen.
                   A       B       C       D       E      F
               +-------+-------+-------+-------+-------+----------------------
         Total | 100.0 | 100.0 |   N/A |   N/A | 100.0 |  59.5
       Dungeon | 100.0 | 100.0 |   N/A |   N/A | 100.0 |  59.5
               +-------+-------+-------+-------+-------+----------------------
